 Dungeon Crawl Stone Soup version 0.18.1-5-g4a78601 (webtiles) character file.

505 esc the Magician (level 6, -7/54 HPs)
             Began as a Deep Elf Fire Elementalist on May 12, 2016.
             Mangled by a centaur zombie (8 damage)
             ... on level 5 of the Dungeon.
             The game lasted 00:14:19 (5778 turns).

esc the Magician (Deep Elf Fire Elementalist)       Turns: 5778, Time: 00:14:21

Health: -7/54      AC:  3    Str:  8 (10) XL:     6   Next: 96%
Magic:  16/16      EV: 14    Int: 20 (22) God:
Gold:   147        SH:  0    Dex: 13 (15) Spells: 4 memorised, 5 levels left

rFire  . . .     SeeInvis .     l - +1 whip (holy)
rCold  . . .     Gourm    .     a - +0 robe
rNeg   . . .     Faith    .     (no shield)
rPois  .         Spirit   .     (no helmet)
rElec  .         Dismiss  .     w - +0 cloak
rCorr  .         Reflect  .     (no gloves)
SustAt .         Harm     .     (no boots)
MR     +....                    (no amulet)
Stlth  ..........               (no ring)
                                z - ring of protection from magic {MR+, !d}

@: berserking, very quick, somewhat resistant to hostile enchantments, extremely
unstealthy
A: no striking features
a: no special abilities


You were on level 5 of the Dungeon.
You were not hungry.

You visited 1 branch of the dungeon, and saw 5 of its levels.

You collected 147 gold pieces.

Inventory:

Hand Weapons
 l - a +1 whip of holy wrath (weapon)
   (You found it on level 1 of the Dungeon)
Missiles
 i - a tomahawk of dispersal (quivered) {=f}
 m - 157 stones
 r - 4 tomahawks
 t - a throwing net {=f, !d}
 x - 16 poisoned needles
Armour
 a - a +0 robe (worn)
 w - a +0 cloak (worn)
   (You found it on level 4 of the Dungeon)
Jewellery
 z - a ring of protection from magic (left hand) {MR+, !d}
   (You found it on level 5 of the Dungeon)
Wands
 d - a wand of digging (10/24)
   (You found it on level 4 of the Dungeon)
 q - a wand of disintegration (7/24)
   (You took it off an orc on level 3 of the Dungeon)
 u - a wand of acid (7/15)
   (You found it on level 2 of the Dungeon)
 y - a wand of random effects (15/48)
   (You found it on level 4 of the Dungeon)
Scrolls
 v - 2 scrolls of remove curse
Potions
 e - a potion of lignification {!q}
 n - a potion of might
 o - 2 potions of flight
 p - 2 potions of berserk rage {!q}
 A - a potion of cure mutation {!q}
Books
 b - a book of Flames
Comestibles
 c - 2 bread rations {@e1}
 j - a slice of pizza
 s - 2 meat rations {@e2}


   Skills:
 + Level 2.3 Fighting
 + Level 4.4 Dodging
 - Level 2.4 Stealth
 + Level 5.3 Spellcasting
 + Level 3.2 Conjurations
 + Level 5.0 Fire Magic


You had 5 spell levels left.
You knew the following spells:

 Your Spells              Type           Power        Failure   Level  Hunger
a - Flame Tongue          Conj/Fire      ###..        2%          1    None
c - Conjure Flame         Conj/Fire      ###.....     10%         3    ##.....
s - Sticky Flame          Conj/Fire      ###.....     24%         4    ####...
x - Throw Flame           Conj/Fire      ###...       3%          2    None


Dungeon Overview and Level Annotations

Branches:
Dungeon (5/15)
 Temple: D:4-7

Altars:
Ashenzari
Cheibriados
Fedhas
Kikubaaqudgha
Yredelemnul
The Shining One

Annotations:
D:4 exclusion: phantom, Sigmund
D:5 Yehuk's ghost, amateur GrFi


Message History

That beef jerky was jerk-a-riffic!
A phantom and a zombie come into view.
The phantom blinks!
Aim: a phantom The puff of flame hits the phantom.
You now have 14/16 mp.
Aim: a phantom (lightly damaged)
The puff of flame hits the phantom.
You now have 12/16 mp.
The phantom blinks!
Aim: a phantom (lightly damaged)
You miscast Throw Flame.
You are very lightly contaminated with residual magic.
Sparks fly from your hands!
You now have 11/16 mp.
Okay, then.
Unknown command.
Aim: a phantom (lightly damaged)
The sticky flame hits the phantom.
The phantom blinks!
You now have 7/16 mp.
The centaur zombie closely misses you.
Aim: a centaur zombie You miscast Sticky Flame.
Wisps of smoke drift from your hands.
The phantom blinks!
The centaur zombie hits you.
You take 4 damage, and have 32/36 hp.
You now have 4/16 mp.
You hit the centaur zombie.
The centaur zombie convulses.
The centaur zombie hits you.
You take 6 damage, and have 26/36 hp.
You hit the centaur zombie.
The centaur zombie convulses.
The centaur zombie closely misses you.
You closely miss the phantom. You hit the phantom.
The phantom convulses.
The phantom hits you but does no damage.
The phantom hits you.
You take 1 damage, and have 25/36 hp.
You miss the phantom. The phantom hits you.
You take 4 damage, and have 21/36 hp.
You hit the phantom.
The phantom convulses.
The phantom misses you.
You hit the phantom but do no damage. The phantom hits you!
You take 10 damage, and have 12/36 hp.
MASSIVE DAMAGE!!
The phantom blinks!
The centaur zombie completely misses you.
The centaur zombie barely misses you. The centaur zombie barely misses you.
The gnoll shouts!
A gnoll comes into view.
The centaur zombie closely misses you. The centaur zombie closely misses you.
The centaur zombie hits you.
You take 1 damage, and have 14/36 hp.
The centaur zombie hits you but does no damage.
The centaur zombie hits you.
You take 2 damage, and have 12/36 hp.
Your magical contamination has completely faded away.
The centaur zombie hits you but does no damage.
The centaur zombie hits you.
* * * LOW HITPOINT WARNING * * *
You take 2 damage, and have 10/36 hp.
The centaur zombie barely misses you. The centaur zombie barely misses you.
The centaur zombie hits you.
* * * LOW HITPOINT WARNING * * *
You take 2 damage, and have 9/36 hp.
The centaur zombie barely misses you. The centaur zombie hits you.
* * * LOW HITPOINT WARNING * * *
You take 1 damage, and have 8/36 hp.
The centaur zombie hits you.
* * * LOW HITPOINT WARNING * * *
The centaur zombie hits you.
* * * LOW HITPOINT WARNING * * *
You take 6 damage, and have 2/36 hp.
The centaur zombie misses you.
Drink which item? (? for menu, Esc to quit)
You feel better. The centaur zombie hits you.
* * * LOW HITPOINT WARNING * * *
You take 1 damage, and have 1/36 hp.
Drink which item? (? for menu, Esc to quit)
You feel better. The centaur zombie closely misses you.
The centaur zombie hits you.
* * * LOW HITPOINT WARNING * * *
You regained 3 hp, and now have 4/36 hp.
The phantom blinks!
The centaur zombie barely misses you. The centaur zombie hits you.
* * * LOW HITPOINT WARNING * * *
You take 4 damage, and have 1/36 hp.
Drink which item? (? for menu, Esc to quit)
Okay, then.
Drink which item? (? for menu, Esc to quit)
Really quaff
p - 3 potions of berserk rage {!q}?
A red film seems to cover your vision as you go berserk!
You feel yourself moving faster!
You feel mighty! The centaur zombie barely misses you.
You now have 1/54 hp.
You whack the centaur zombie!
The centaur zombie convulses!
The centaur zombie hits you!
You die...

##.## #.# ....
#W# .... #.#
##.#
###.###.######.
...
.W.............
###
###.###........
# #g.....##
#Z####.# #@# #
#.# ..# ####


You could see a phantom, a gnoll and a centaur zombie.

Vanquished Creatures
  2 ogres (D:5)
  2 hounds
  2 orc priests (D:3)
  2 worker ants (D:4)
  4 gnolls (D:3)
  2 adders
  5 worms
  A dart slug (D:2)
  4 giant geckos
  13 orcs
  2 ball pythons
  6 giant cockroaches
  6 goblins
  9 hobgoblins
  5 jackals
  5 quokkas
  4 bats
  A giant gecko zombie (D:5)
  6 giant newts
  5 kobolds
  5 rats
91 creatures vanquished.

Notes
Turn   | Place    | Note
--------------------------------------------------------------
     0 | D:1      | esc the Deep Elf Fire Elementalist began the quest for the Orb.
     0 | D:1      | Reached XP level 1. HP: 10/10 MP: 6/6
   428 | D:1      | Reached XP level 2. HP: 12/16 MP: 4/8
  1081 | D:2      | Found a shattered altar of Ashenzari.
  1136 | D:2      | Reached skill level 3 in Dodging
  1136 | D:2      | Reached XP level 3. HP: 20/20 MP: 5/9
  1353 | D:2      | Found a snail-covered altar of Cheibriados.
  1369 | D:2      | Found a basalt altar of Yredelemnul.
  1632 | D:2      | Learned a level 2 spell: Throw Flame
  1636 | D:2      | Learned a level 3 spell: Conjure Flame
  2316 | D:3      | Reached skill level 1 in Fighting
  2316 | D:3      | Reached skill level 2 in Conjurations
  2316 | D:3      | Reached XP level 4. HP: 15/25 MP: 1/11
  2585 | D:3      | Reached skill level 4 in Fire Magic
  2604 | D:3      | Reached skill level 4 in Spellcasting
  3126 | D:3      | Reached XP level 5. HP: 29/29 MP: 9/13
  3305 | D:3      | HP: 7/29 [orc priest/divine providence (11)]
  3311 | D:3      | HP: 2/29 [orc/tomahawk (5)]
  3592 | D:3      | Found an ancient bone altar of Kikubaaqudgha.
  3858 | D:4      | Found a blossoming altar of Fedhas.
  3897 | D:4      | Learned a level 4 spell: Sticky Flame
  3902 | D:4      | Noticed a phantom
  4060 | D:4      | Reached XP level 6. HP: 31/35 MP: 3/15
  4208 | D:4      | Noticed Sigmund
  4719 | D:5      | Entered Level 5 of the Dungeon
  4750 | D:5      | Reached skill level 2 in Fighting
  4764 | D:5      | HP: 6/35 [hound (5)]
  4772 | D:5      | Reached skill level 4 in Dodging
  4778 | D:5      | HP: 13/52 [jackal (3)]
  4783 | D:5      | HP: 12/52 [quokka (1)]
  5027 | D:5      | Found a glowing golden altar of the Shining One.
  5081 | D:5      | HP: 6/35 [ogre/giant club (17)]
  5131 | D:5      | HP: 4/35 [ogre/giant club (8)]
  5133 | D:5      | Reached skill level 5 in Spellcasting
  5133 | D:5      | Reached skill level 3 in Conjurations
  5444 | D:5      | Reached skill level 5 in Fire Magic
  5489 | D:5      | Noticed Yehuk's ghost (amateur GrFi)
  5755 | D:5      | HP: 9/36 [centaur zombie (3)]
  5760 | D:5      | HP: 8/36 [centaur zombie (1)]
  5763 | D:5      | HP: 2/36 [centaur zombie (5)]
  5769 | D:5      | HP: 1/36 [centaur zombie (6)]
  5776 | D:5      | HP: 1/36 [centaur zombie (4)]
  5778 | D:5      | Mangled by a centaur zombie

Skill      XL: |  1  2  3  4  5  6 |
---------------+-------------------+-----
Dodging        | 3 4 |  4.4
Fighting       | 1 2 |  2.3
Conjurations   | 2 3 |  3.2
Fire Magic     | 4 5 |  5.0
Spellcasting   | 4 5 |  5.3
Stealth        | |  2.4

Action                   |  1- 3 |  4- 6 || total
-------------------------+-------+-------++-------
Melee: Unarmed           |     3 |       ||     3
       Whip              |    16 |    54 ||    70
Throw: Tomahawk          |       |     1 ||     1
 Cast: Flame Tongue      |    60 |    93 ||   153
       Throw Flame       |    12 |    52 ||    64
       Conjure Flame     |       |     3 ||     3
       Sticky Flame      |       |     1 ||     1
  Use: Scroll            |     6 |     7 ||    13
       Potion            |       |     8 ||     8
 Stab: Sleeping          |     2 |     3 ||     5
  Eat: Chunk             |     4 |     9 ||    13
       Beef jerky        |       |     3 ||     3
Armor: Robe              |     7 |    16 ||    23
Dodge: Dodged            |    23 |    67 ||    90

Vault maps used:
D:1:      wheals_arrival_linesprint, serial_forest,
          infiniplex_forest_lined_room_2, infiniplex_forest_straight_4,
          infiniplex_forest_lined_room_2, infiniplex_forest_lined_2,
          infiniplex_forest_zigzag_2, infiniplex_forest_straight_1,
          infiniplex_forest_zigzag_1, infiniplex_forest_zigzag_1,
          infiniplex_forest_lined_2, infiniplex_forest_clump_medium,
          minivault_26
D:2:      nicolae_overflow_crystal_walls, cheibriados_altar_1,
          yredelemnul_altar_generic
D:3:      marbit_many_paths
D:4:      fedhas_altar_3, uniq_sigmund
D:5:      nicolae_tso_carved_into_rock, makhleb_blood_cavern_becter, first_bread

Table legend:
 A = Turns spent in this place as a percentage of turns spent in the entire game.
 B = Non-inter-level travel turns spent in this place as a percentage of non-inter-level travel turns spent in the entire game.
 C = Inter-level travel turns spent in this place as a percentage of turns spent in this place.
 D = Turns resting spent in this place as a percentage of non-inter-level travel turns spent in this place.
 E = Turns spent auto-exploring this place as a percentage of non-inter-level travel turns spent in this place.
 F = Non-inter-level travel turns spent in this place divided by the number of levels of this place that you've seen.
                   A       B       C       D       E      F
               +-------+-------+-------+-------+-------+----------------------
         Total | 100.0 | 100.0 |   1.0 |   4.9 |   9.6 | 249.4
       Dungeon | 100.0 | 100.0 |   1.0 |   4.9 |   9.6 | 249.4
               +-------+-------+-------+-------+-------+----------------------

Table legend:
 A = Kills in this place as a percentage of kills in entire the game.
 B = Kills by you in this place as a percentage of kills by you in the entire game.
 C = Kills by friends in this place as a percentage of kills by friends in the entire game.
 D = Other kills in this place as a percentage of other kills in the entire game.
 E = Experience gained in this place as a percentage of experience gained in the entire game.
 F = Experience gained in this place divided by the number of levels of this place that you have seen.
                   A       B       C       D       E      F
               +-------+-------+-------+-------+-------+----------------------
         Total | 100.0 | 100.0 |  -nan |  -nan | 100.0 | 144.4
       Dungeon | 100.0 | 100.0 |  -nan |  -nan | 100.0 | 144.4
               +-------+-------+-------+-------+-------+----------------------
